 Dungeon Crawl Stone Soup version 0.28.0-1-gb440e238dd (webtiles) character file.

Game seed: 12908055458179340683

4 cbfl8 the Sneak (level 1, -5/19 HPs)
             Began as a Minotaur Delver on Feb 27, 2022.
             Killed from afar by an orc wizard (6 damage)
             ... with a magic dart
             ... on level 5 of the Dungeon.
             The game lasted 00:00:58 (46 turns).

cbfl8 the Sneak (Minotaur Delver)                     Turns: 46, Time: 00:00:58

Health: -5/19      AC:  3    Str: 16    XL:     1   Next: 50%
Magic:  0/0        EV: 11    Int:  7    God:
Gold:   11         SH:  0    Dex: 11    Spells: 0/0 levels left

rFire   . . .      SeeInvis .   a - +0 hand axe
rCold   . . .      Faith    .   (no shield)
rNeg    . . .      Spirit   .   b - +0 leather armour
rPois   .          Reflect  .   (helmet restricted)
rElec   .          Harm     .   (no cloak)
rCorr   .          Rampage  .   (no gloves)
Will    .....                   (no boots)
Stlth   +.........              (no amulet)
HPRegen 0.06/turn               (no ring)
MPRegen 0.07/turn               (no ring)

@: confused
A: horns 2, retaliatory headbutt
a: no special abilities


You were on level 5 of the Dungeon.
You visited 1 branch of the dungeon, and saw 2 of its levels.

You collected 11 gold pieces.

Inventory:

Hand Weapons
 a - a +0 hand axe (weapon)
Armour
 b - a +0 leather armour (worn)
Wands
 g - a wand of digging (3)
Scrolls
 c - a scroll of fog
 e - a scroll of fear
Potions
 f - a potion of haste


   Skills:
 + Level 3.6 Fighting
 + Level 2.4 Axes
 + Level 2.1 Dodging
 + Level 4.3 Stealth


You couldn't memorise any spells.
You didn't know any spells.
Your spell library was empty.

Dungeon Overview and Level Annotations

Branches:
Dungeon (6/15)
 Temple: D:4-7

Altars:


Innate Abilities, Weirdness & Mutations

You have a pair of horns on your head.
You reflexively headbutt those who attack you in melee.


Message History

You completely miss the orc. You barely miss the orc.
You hit the orc wizard but do no damage.
You feel less confused. The orc wizard completely misses you.
The orc wizard hits you with a +0 dagger of speed.
The orc hits you with a +0 hand axe. The orc closely misses you.
You furiously retaliate!
You headbutt the orc!
You kill the orc!
Unknown command.
Unknown command.
Unknown command.
Are you sure you want to abandon this character and quit the game? (Confirm with "yes".)
Okay, then.
You closely miss the orc wizard. You hit the orc but do no damage.
The orc wizard hits you with a +0 dagger of speed.
The orc closely misses you. You furiously retaliate!
You headbutt the orc.
You kill the orc!
The orc wizard closely misses you.
Items here: ! ) [ †.
You hit the orc wizard.
The orc wizard is heavily wounded.
The orc wizard misses you.
You hit the orc wizard. Your headbutt misses the orc wizard.
The orc wizard is severely wounded.
The orc wizard hits you with a +0 dagger of speed.
* * * LOW HITPOINT WARNING * * *
The orc wizard points at you and mumbles some strange words.
You are confused.
You're too confused to move!
The orc wizard hits you with a +0 dagger of speed.
* * * LOW HITPOINT WARNING * * *
You bump into the rock wall.
The orc wizard casts a spell at you.
You are more confused.
You hit the orc wizard.
The orc wizard is almost dead.
The orc wizard hits you but does no damage.
The orc wizard gestures at you while chanting.
The magic dart hits you.
You die...

,,,,,**,,,,,,* #.........* **,,,
,,,,,**,,,,,,*###........,*****,,
,,,,,,,,,,,,,,,..........,,,,,,,,
,,,,,**,,,,,,,,,.........,*******
,,,,,**,,..,,****......,,,,,,**,,
,,,,,**,,....####.....,,,,,,,,*,,
,,,,,**,,.......O##.#*******,,,,,
*,*************#o#..## ***,,, *,*
#@)...#### ##.. *,* *********
###.#....## ##... *,* *,,,,,,,*
#....##..####.).. *,* *,,,,,,,*
###....###......#.. *,*
*,,,,,,,###............###... *,*
*,,,,,,,#...#....###...,,.... *,*
*,,,,,,...##.....###.######.. *,*
*,,,,,,.#*#.................. *,*
*,,,,,,,**#.#....###.######..


You could see an ogre and an orc wizard.

Vanquished Creatures
  2 orcs (D:5)
2 creatures vanquished.

Notes
Turn   | Place    | Note
-------+----------+-------------------------------------------
     0 | D:5      | cbfl8 the Minotaur Delver began the quest for the Orb.
     0 | D:5      | Reached XP level 1. HP: 19/19 MP: 0/0
    15 | D:5      | Noticed a necrophage
    24 | D:5      | Noticed an ogre
    33 | D:6      | Noticed an orc wizard
    46 | D:5      | Killed from afar by an orc wizard

Illustrated notes

Levels and vault maps discovered:
D:5:      layout_rooms, kennysheep_small_spiral, nicolae_figureground_sparkle
D:6:      layout_loops_ring, lemuel_doored_altar, kennysheep_slug_shrine,
          chequers_serial_rivers_small_3, eino_small_chamber_without_monster,
          uniq_eustachio

Action                   || total
-------------------------++-------
Melee: Hand axe          ||     5
  Use: Scroll            ||     1
Armor: Leather armour    ||     3
Dodge: Dodged            ||     8
